[Event "Titled Tuesday Blitz June 27 Late 2023"]
[White "Cardozo Munar, Carlos Eduardo"]
[Black "Ng, Matthew K"]
[WhiteFideId "4409477"]
[BlackFideId "2094371"]
[WhiteElo "2325"]
[BlackElo "2033"]
[Result "0-1"]
[Round "3"]
[TimeControl "180+2"]
[Date "2023.06.27"]
[WhiteClock "0:00:20"]
[BlackClock "0:00:18"]
[Board "181"]

1. d4 Nf6 2. Bg5 g6 3. Bxf6 exf6 4. g3 Bg7 5. Bg2 O-O 6. Nd2 f5 7. e3 d5 8. Ne2 c6 9. O-O Nd7 10. c4 Nf6 11. Qc2 Ne4 12. b4 Be6 13. cxd5 cxd5 14. a4 Rc8 15. Qd3 Qb6 16. Rab1 a6 17. f3 Nxd2 18. Qxd2 Rc4 19. Rfc1 Rfc8 20. Bf1 Bf8 21. b5 a5 22. Nf4 Bb4 23. Rxc4 Bxd2 24. Rxc8+ Bxc8 25. Kf2 Qc7 26. Bd3 Be6 27. Ke2 Qc3 28. b6 Bc1 29. Kf2 Qd2+ 30. Be2 Qxe3+ 31. Kg2 Bd2 32. Bf1 Qxd4 33. Rd1 Qc3 34. Be2 Bxf4 35. gxf4 d4 36. Kf1 Bd5 37. Rd3 Qc1+ 38. Kf2 Qxf4 39. Kg2 Qg5+ 40. Kf2 Qf4 41. Kg2 g5 42. h3 h5 43. Kf2 g4 44. hxg4 hxg4 45. Ke1 g3 46. Bf1 Qc1+ 47. Ke2 Bc4 48. f4 Bxd3+ 49. Kf3 Qxf1+ 50. Kxg3 Qe2 51. Kh4 Qe3 52. Kg5 Be4 53. Kf6 d3 54. Ke7 d2 55. Kf6 d1=Q 56. Ke7 Qdd4 57. Ke8 Qc5 58. Kd7 Qxb6 59. Kc8 Qec5+ 60. Kb8 Qcc7+ 61. Ka8 Qa6# 0-1


[Site "https://www.chess.com"]

[Event "Titled Tuesday Blitz June 27 Late 2023"]
[White "Fajdetic, Hrvoje"]
[Black "Alberto, Manuel"]
[WhiteFideId "14501945"]
[BlackFideId "10100148"]
[WhiteElo "2318"]
[BlackElo "2006"]
[Result "1-0"]
[Round "3"]
[TimeControl "180+2"]
[Date "2023.06.27"]
[WhiteClock "0:00:02"]
[BlackClock "0:00:11"]
[Board "182"]

1. b3 Nf6 2. Bb2 e6 3. f4 d5 4. Nf3 c5 5. e3 a6 6. Be2 Nc6 7. O-O b5 8. a4 b4 9. d3 Bb7 10. Qe1 Be7 11. Qg3 O-O 12. Nbd2 Ne8 13. Ne5 Bf6 14. Ndf3 Nd6 15. Nxc6 Bxc6 16. Ne5 Bb7 17. Qh3 Rc8 18. Rab1 g6 19. g4 Bg7 20. g5 Nf5 21. Bg4 Re8 22. Bxf5 exf5 23. Qg3 Qb6 24. h4 Qc7 25. h5 a5 26. Rf2 Ba6 27. hxg6 hxg6 28. Rh2 c4 29. Bd4 cxb3 30. cxb3 Qd6 31. Qh4 Rc3 32. Nc4 Bxd4 33. Nxd6 Bxe3+ 34. Kh1 Re6 35. Qh8# 1-0


[Site "https://www.chess.com"]

[Event "Titled Tuesday Blitz June 27 Late 2023"]
[White "Sainz Aguirre, Ignacio"]
[Black "MAHanif"]
[WhiteFideId "5101727"]
[WhiteElo "1976"]
[BlackElo "2317"]
[Result "0-1"]
[Round "3"]
[TimeControl "180+2"]
[Date "2023.06.27"]
[WhiteClock "0:00:09"]
[BlackClock "0:01:11"]
[Board "183"]

1. e4 Nf6 2. e5 Nd5 3. d4 d6 4. c4 Nb6 5. f4 c5 6. d5 g6 7. Nc3 Bg7 8. Qe2 O-O 9. h3 Qc7 10. Nf3 N8d7 11. e6 fxe6 12. Qxe6+ Kh8 13. Ng5 Ne5 14. fxe5 Bxe6 15. Nxe6 Qc8 16. Nxf8 Qxf8 17. e6 Qf5 18. Bd2 Kg8 19. O-O-O Rf8 20. Be2 Qf2 21. Bd3 Qd4 22. Be2 Nxc4 23. Bg5 Qf2 24. Bxc4 Bxc3 25. bxc3 Qxg2 26. h4 Rf2 27. Bd3 Rxa2 28. Bd2 Rxd2 0-1


[Site "https://www.chess.com"]

[Event "Titled Tuesday Blitz June 27 Late 2023"]
[White "Gerbelli Neto, Eduardo"]
[Black "NtcPou"]
[WhiteFideId "2103281"]
[WhiteElo "2315"]
[BlackElo "1971"]
[Result "1-0"]
[Round "3"]
[TimeControl "180+2"]
[Date "2023.06.27"]
[WhiteClock "0:00:40"]
[BlackClock "0:00:00"]
[Board "184"]

1. e4 c6 2. d4 d5 3. exd5 cxd5 4. c4 Nf6 5. Nc3 Nc6 6. Nf3 Bg4 7. cxd5 Nxd5 8. Qb3 Bxf3 9. gxf3 e6 10. Qxb7 Nxd4 11. Bb5+ Nxb5 12. Qc6+ Ke7 13. Qxb5 Qd7 14. Nxd5+ exd5 15. Bg5+ f6 16. Qxd7+ Kxd7 17. Be3 Bd6 18. O-O-O Ke6 19. Rhe1 Rhc8+ 20. Kb1 Kf7 21. Rxd5 Be5 22. f4 Bc7 23. Rd7+ Kg6 24. Rg1+ Kf5 25. Rgxg7 Bxf4 26. Rxh7 Bxe3 27. fxe3 Re8 28. Rde7 Rxe7 29. Rxe7 a5 30. Kc2 a4 31. Rc7 Re8 32. Kd3 Rd8+ 33. Ke2 Rb8 34. Rc5+ Kg6 35. Rc2 Kf5 36. Kf3 Rh8 37. Rc5+ Ke6 38. Ra5 Rxh2 39. Rxa4 Rxb2 40. Ke4 Rb1 41. Ra6+ Kf7 42. a4 Rb2 43. a5 Ra2 44. Ra8 Ra3 45. a6 Kg7 46. a7 Ra5 47. Kd4 Kh7 48. e4 Kg7 49. Kc4 Ra1 50. Kd5 1-0


[Site "https://www.chess.com"]

[Event "Titled Tuesday Blitz June 27 Late 2023"]
[White "Dmitriev, Sergey"]
[Black "Perez Torres, Nabi Isaias"]
[WhiteFideId "14101785"]
[BlackFideId "5120373"]
[WhiteElo "1937"]
[BlackElo "2309"]
[Result "0-1"]
[Round "3"]
[TimeControl "180+2"]
[Date "2023.06.27"]
[WhiteClock "0:00:49"]
[BlackClock "0:01:24"]
[Board "185"]

1. d4 Nf6 2. Nf3 g6 3. Bf4 Bg7 4. h3 d6 5. Nbd2 O-O 6. e3 c5 7. c3 a6 8. Be2 b5 9. O-O Bb7 10. Re1 Nbd7 11. Qc2 Qb6 12. e4 cxd4 13. cxd4 Rac8 14. Qd3 d5 15. e5 Ne4 16. Rac1 f6 17. Nxe4 dxe4 18. Qb3+ Kh8 19. Rxc8 Rxc8 20. Nd2 fxe5 21. dxe5 Nxe5 22. Bxe5 Bxe5 23. Qf7 e3 24. fxe3 Qxe3+ 25. Kh1 Qg3 26. Nf1 Qxh3+ 27. Nh2 Qxg2# 0-1


[Site "https://www.chess.com"]

[Event "Titled Tuesday Blitz June 27 Late 2023"]
[White "Spichkin, Alexander"]
[Black "Burke, Paul"]
[WhiteFideId "4144074"]
[BlackFideId "2605767"]
[WhiteElo "2308"]
[BlackElo "1925"]
[Result "1-0"]
[Round "3"]
[TimeControl "180+2"]
[Date "2023.06.27"]
[WhiteClock "0:01:47"]
[BlackClock "0:00:00"]
[Board "186"]

1. f4 a6 2. Nf3 d6 3. e4 Nd7 4. Bc4 g6 5. Bxf7+ Kxf7 6. Ng5+ Kf6 7. d4 e6 8. e5+ Ke7 9. d5 Nc5 10. b4 h6 11. f5 gxf5 12. bxc5 dxe5 13. d6+ cxd6 14. cxd6+ Kf6 15. Nf3 Bxd6 16. Bb2 Qa5+ 17. Nbd2 Ne7 18. Qe2 Nc6 19. Rb1 Qc5 20. Nb3 Qb5 21. c4 Qb4+ 22. Nbd2 Qc5 23. Nb3 Qb4+ 24. Nfd2 Bd7 25. O-O Rad8 26. Nf3 Qb6+ 27. c5 Bxc5+ 28. Nxc5 Qxc5+ 29. Kh1 Rhe8 30. Rbc1 Qd6 31. Rxc6 Qxc6 32. Qxe5+ 1-0


[Site "https://www.chess.com"]

[Event "Titled Tuesday Blitz June 27 Late 2023"]
[White "Balkum, Alexander"]
[Black "Vargas, Mauricio"]
[WhiteFideId "2005069"]
[BlackFideId "4404572"]
[WhiteElo "2307"]
[BlackElo "1836"]
[Result "1-0"]
[Round "3"]
[TimeControl "180+2"]
[Date "2023.06.27"]
[WhiteClock "0:00:11"]
[BlackClock "0:00:00"]
[Board "187"]

1. e4 d5 2. exd5 Qxd5 3. Nc3 Qa5 4. d4 c6 5. Nf3 Nf6 6. Ne5 Bf5 7. g4 Be4 8. f3 Bd5 9. Bf4 g6 10. Nc4 Bxc4 11. Bxc4 e6 12. a3 Nd5 13. Bd2 Qc7 14. Nxd5 cxd5 15. Bd3 Nc6 16. c3 Bd6 17. Qc1 O-O-O 18. f4 f6 19. O-O e5 20. fxe5 fxe5 21. Bg5 Rdf8 22. Qe3 e4 23. Be2 Bxh2+ 24. Kg2 Bd6 25. Rf2 Rxf2+ 26. Qxf2 h6 27. Be3 g5 28. Rf1 Rf8 29. Qg1 Rxf1 30. Qxf1 Qb6 31. Qf5+ Kb8 32. b4 Qd8 33. Qxd5 Qe7 34. Qf5 Bc7 35. c4 Qd6 36. Bf2 Qh2+ 37. Kf1 Qh1+ 38. Bg1 Qh3+ 39. Ke1 Qc3+ 40. Kf1 Qc1+ 41. Kg2 1-0


[Site "https://www.chess.com"]

[Event "Titled Tuesday Blitz June 27 Late 2023"]
[White "Rodrigue-Lemieux, Shawn"]
[Black "Carlsen, Magnus"]
[WhiteFideId "2620049"]
[BlackFideId "1503014"]
[WhiteElo "2942"]
[BlackElo "3294"]
[Result "0-1"]
[Round "4"]
[TimeControl "180+2"]
[Date "2023.06.27"]
[WhiteClock "0:00:05"]
[BlackClock "0:00:07"]
[Board "1"]

1. e4 e5 2. Nf3 Nc6 3. Nc3 Nf6 4. d4 exd4 5. Nxd4 Bc5 6. Be3 Bb6 7. Be2 O-O 8. O-O Re8 9. Nxc6 bxc6 10. Bxb6 axb6 11. Bd3 d5 12. exd5 cxd5 13. Qf3 c6 14. h3 Qd6 15. Rad1 b5 16. a3 b4 17. axb4 Qxb4 18. b3 Ba6 19. Bxa6 Rxa6 20. Ne2 Qe4 21. Nd4 Qxf3 22. Nxf3 Kf8 23. Rfe1 Rxe1+ 24. Rxe1 Ra2 25. Re2 c5 26. Ne5 g6 27. f3 Kg7 28. Kf2 Ra7 29. h4 h5 30. Nd3 Nd7 31. Nf4 d4 32. Re7 Kf8 33. Nd5 d3 34. cxd3 Ra2+ 35. Re2 Ra1 36. b4 cxb4 37. Nxb4 Ra4 38. Rb2 Nc5 39. Ke3 Ne6 40. g4 Ke7 41. Nd5+ Kd6 42. Nc3 Ra1 43. Ne4+ Kc6 44. Rc2+ Kd5 45. gxh5 gxh5 46. Nf6+ Ke5 47. Nxh5 Re1+ 48. Kf2 Rh1 49. Kg3 Nd4 50. Rc5+ Kd6 51. Ra5 Rf1 52. Kg2 Rxf3 53. Ng3 Rxd3 54. Nf5+ Ke6 55. Nxd4+ Rxd4 56. h5 Kf6 57. Kf3 Kg7 58. Rf5 Rd6 59. Kg4 Rd1 60. Rg5+ Kh6 61. Rf5 Rg1+ 62. Kh4 Rh1+ 63. Kg4 Kg7 64. Rg5+ Kf6 65. Rf5+ Ke6 66. Rf3 f5+ 67. Kg5 Rg1+ 68. Kh6 Kf6 69. Ra3 f4 70. Kh7 Rg7+ 71. Kh6 Rf7 72. Rf3 Kf5 73. Rf1 Ra7 74. Rb1 Ra6+ 75. Kg7 Ra7+ 76. Kh6 Ra5 77. Kg7 Kg5 78. Rh1 Ra7+ 79. Kg8 Kh6 80. Rf1 Ra4 81. Rh1 f3 82. Kf7 f2 83. Ke6 Rf4 84. Rf1 Kxh5 85. Ke5 Kg4 86. Kd5 Kf3 87. Ke5 Re4+ 88. Kf5 Re1 0-1


[Site "https://www.chess.com"]

[Event "Titled Tuesday Blitz June 27 Late 2023"]
[White "Nakamura, Hikaru"]
[Black "Dardha, Daniel"]
[WhiteFideId "2016192"]
[BlackFideId "240990"]
[WhiteElo "3214"]
[BlackElo "2903"]
[Result "1-0"]
[Round "4"]
[TimeControl "180+2"]
[Date "2023.06.27"]
[WhiteClock "0:00:19"]
[BlackClock "0:00:00"]
[Board "2"]

1. Nf3 d5 2. e3 c6 3. c4 Nf6 4. Nc3 e6 5. b3 Bd6 6. Bb2 O-O 7. d4 Nbd7 8. Bd3 Qe7 9. O-O b6 10. e4 dxe4 11. Nxe4 Nxe4 12. Bxe4 Bb7 13. Re1 Nf6 14. Bc2 Qc7 15. Qd3 Rfe8 16. Ng5 g6 17. Qh3 Bf4 18. Qh4 Nh5 19. Ne4 Qe7 20. Qxe7 Rxe7 21. g4 Ng7 22. d5 e5 23. Nf6+ Kh8 24. Rad1 cxd5 25. cxd5 Ne8 26. Ne4 Rd7 27. Ng3 Bxd5 28. Ne2 Bh6 29. Bxe5+ Bg7 30. Nf4 Bc6 31. Rc1 Bf3 32. h3 Rad8 33. Kh2 Bxe5 34. Rxe5 Kg7 35. Kg3 Bb7 36. b4 Nf6 37. Rce1 Rd2 38. Bb3 R8d7 39. g5 Nh5+ 40. Nxh5+ gxh5 41. R1e3 h4+ 42. Kxh4 Rxf2 43. Re7 Rxe7 44. Rxe7 Bc6 45. Rxa7 Rf4+ 46. Kg3 Rf3+ 47. Kg4 Rf1 48. h4 Bf3+ 49. Kg3 Bh5 50. Rb7 Rf3+ 51. Kg2 Rf4 52. Rxb6 Rxh4 53. a4 1-0


[Site "https://www.chess.com"]

[Event "Titled Tuesday Blitz June 27 Late 2023"]
[White "Chigaev, Maksim"]
[Black "Nihal Sarin"]
[WhiteFideId "4108116"]
[BlackFideId "25092340"]
[WhiteElo "2902"]
[BlackElo "3125"]
[Result "1-0"]
[Round "4"]
[TimeControl "180+2"]
[Date "2023.06.27"]
[WhiteClock "0:00:04"]
[BlackClock "0:00:00"]
[Board "3"]

1. e4 c5 2. Nf3 d6 3. d4 cxd4 4. Nxd4 Nf6 5. Nc3 a6 6. Bg5 e6 7. Qf3 Be7 8. O-O-O Bd7 9. h4 h6 10. Be3 Nc6 11. Be2 Rc8 12. Qg3 Nxd4 13. Rxd4 Qa5 14. Kb1 Rxc3 15. bxc3 e5 16. Rb4 Be6 17. a4 b5 18. Rd1 d5 19. exd5 Bxb4 20. dxe6 Bxc3 21. Bc5 g6 22. Qd3 Bd4 23. Bxd4 exd4 24. Qxd4 O-O 25. Qxf6 Qb4+ 26. Qb2 Qxh4 27. axb5 axb5 28. exf7+ Kh7 29. Bxb5 Qxf2 30. Bc4 Qxg2 31. Bb3 Qf3 32. Qd4 h5 33. Re1 Qb7 34. Re8 1-0


[Site "https://www.chess.com"]

[Event "Titled Tuesday Blitz June 27 Late 2023"]
[White "Firouzja, Alireza"]
[Black "Ibarra Jerez, Jose Carlos"]
[WhiteFideId "12573981"]
[BlackFideId "2226332"]
[WhiteElo "3118"]
[BlackElo "2893"]
[Result "1-0"]
[Round "4"]
[TimeControl "180+2"]
[Date "2023.06.27"]
[WhiteClock "0:00:32"]
[BlackClock "0:00:00"]
[Board "4"]

1. d4 Nf6 2. Bg5 d5 3. e3 c5 4. Bxf6 gxf6 5. dxc5 e6 6. c4 dxc4 7. Nd2 c3 8. bxc3 Bxc5 9. Qh5 f5 10. Ngf3 Qf6 11. Nd4 Nd7 12. Be2 Qg6 13. Qh3 Nf6 14. O-O f4 15. Qh4 Rg8 16. Bf3 fxe3 17. fxe3 Be7 18. Nb5 Nd5 19. Qf2 Bd7 20. Bxd5 Bxb5 21. Bxb7 Bxf1 22. Bxa8 Bd3 23. Nf3 Qf6 24. Qd2 Bc4 25. Qd4 Be2 26. Ne5 Bb5 27. a4 Rg5 28. Nf3 Bc5 29. Qxf6 Bxe3+ 30. Kh1 1-0


[Site "https://www.chess.com"]

[Event "Titled Tuesday Blitz June 27 Late 2023"]
[White "Bluebaum, Matthias"]
[Black "Mikaelyan, Arman"]
[WhiteFideId "24651516"]
[BlackFideId "13304852"]
[WhiteElo "3069"]
[BlackElo "2886"]
[Result "1/2-1/2"]
[Round "4"]
[TimeControl "180+2"]
[Date "2023.06.27"]
[WhiteClock "0:00:56"]
[BlackClock "0:00:28"]
[Board "5"]

1. d4 d5 2. c4 c6 3. Nf3 Nf6 4. Nc3 e6 5. Qc2 Be7 6. e4 dxe4 7. Nxe4 Nbd7 8. Bd3 Nxe4 9. Bxe4 Nf6 10. Bd3 b6 11. O-O Bb7 12. c5 O-O 13. Bf4 h6 14. a3 a5 15. Rfd1 Nd5 16. Bg3 a4 17. Ne5 bxc5 18. dxc5 Qa5 19. Rac1 Bg5 20. Rb1 Rad8 21. h4 Be7 22. Rbc1 Rc8 23. Qe2 Nf6 24. Nc4 Qa7 25. Nd6 Rcd8 26. Bc4 Nd5 27. Qe4 Ba6 28. Ba2 Bc8 29. Bb1 f5 30. Qe2 f4 31. Qe4 Bxd6 32. Qh7+ Kf7 33. Qg6+ Kg8 34. Qh7+ Kf7 35. Qg6+ Kg8 36. Qh7+ 1/2-1/2


[Site "https://www.chess.com"]

[Event "Titled Tuesday Blitz June 27 Late 2023"]
[White "Kamsky, Gata"]
[Black "Horvath, Dominik"]
[WhiteFideId "2000024"]
[BlackFideId "1642561"]
[WhiteElo "3031"]
[BlackElo "2876"]
[Result "0-1"]
[Round "4"]
[TimeControl "180+2"]
[Date "2023.06.27"]
[WhiteClock "0:00:00"]
[BlackClock "0:00:26"]
[Board "6"]

1. d4 d6 2. Bf4 c5 3. e3 Nc6 4. d5 Nb4 5. c3 Na6 6. a4 Nc7 7. e4 Nf6 8. f3 g6 9. c4 e5 10. Be3 h5 11. h4 Bh6 12. Bxh6 Rxh6 13. a5 Rh8 14. Nc3 Kf8 15. Bd3 Kg7 16. Nge2 Rb8 17. Qd2 Bd7 18. Nb5 Nxb5 19. cxb5 Ne8 20. Nc3 Nc7 21. f4 exf4 22. Qxf4 Qe7 23. O-O-O Rhe8 24. Rhf1 b6 25. a6 f6 26. Rd2 Rf8 27. Rdf2 Qe5 28. g3 Rbe8 29. Kc2 Bh3 30. Rh1 Bd7 31. Rhf1 Rf7 32. Qxe5 Rxe5 33. Kb3 Bh3 34. Rh1 Bg4 35. Rhf1 Bh3 36. Rh1 Bd7 37. Rhf1 Ne8 38. Nd1 f5 39. Ne3 Ree7 40. Nc4 fxe4 41. Rxf7+ Rxf7 42. Rxf7+ Kxf7 43. Bxe4 Bxb5 44. Ne3 Bxa6 45. Ng2 Nf6 46. Bf3 Bd3 47. Nf4 Be4 48. Be2 Bxd5+ 49. Nxd5 Nxd5 50. Bc4 Ke6 51. Ka4 Ke5 0-1


[Site "https://www.chess.com"]

[Event "Titled Tuesday Blitz June 27 Late 2023"]
[White "Andreikin, Dmitry"]
[Black "Erdogmus, Yagiz Kaan"]
[WhiteFideId "4158814"]
[BlackFideId "44599790"]
[WhiteElo "3027"]
[BlackElo "2872"]
[Result "1-0"]
[Round "4"]
[TimeControl "180+2"]
[Date "2023.06.27"]
[WhiteClock "0:00:17"]
[BlackClock "0:00:07"]
[Board "7"]

1. e4 c5 2. Nc3 e6 3. Nge2 Nc6 4. d4 cxd4 5. Nxd4 Nf6 6. Ndb5 Bb4 7. a3 Bxc3+ 8. Nxc3 d5 9. Bd3 dxe4 10. Nxe4 Nxe4 11. Bxe4 Qxd1+ 12. Kxd1 Bd7 13. Bd2 O-O-O 14. Kc1 Ne7 15. Bb4 Rhe8 16. Rd1 Bc6 17. Rxd8+ Kxd8 18. Bxe7+ Kxe7 19. Bxc6 bxc6 20. Kd2 Rd8+ 21. Kc3 c5 22. b4 Rd5 23. b5 Kd6 24. a4 Rd4 25. Kb3 Rd2 26. a5 Kc7 27. c3 Rxf2 28. Kc4 Rxg2 29. Kxc5 Rg5+ 30. Kb4 f5 31. Re1 f4 32. Rxe6 Rf5 33. Re7+ Kb8 34. Rxg7 f3 35. Rg1 f2 36. Rf1 Kc7 37. c4 Rf4 38. Kc5 Rf5+ 39. Kd4 Kd6 40. Ke3 Kc5 41. Rxf2 Rh5 42. Rc2 Rh3+ 43. Ke4 Rh4+ 44. Ke5 Rh5+ 45. Ke6 Rh6+ 46. Kd7 Rg6 47. a6 Rg7+ 48. Ke6 Rg6+ 49. Kf7 Rh6 50. Kg7 Rh4 51. Kf6 Rh6+ 52. Kg5 Rg6+ 53. Kf5 Rh6 54. Kg4 Rg6+ 55. Kh5 Rd6 56. h4 Re6 57. Kg5 Rg6+ 58. Kf5 Rh6 59. Kg4 Rg6+ 60. Kh3 h5 61. Rc1 Rg4 62. Rf1 Rxc4 63. Rf5+ Kb6 64. Rxh5 Rb4 65. Rf5 Rxb5 66. Rxb5+ Kxb5 67. h5 Kxa6 68. h6 Kb5 69. h7 a5 70. h8=Q a4 71. Qa1 1-0


[Site "https://www.chess.com"]

[Event "Titled Tuesday Blitz June 27 Late 2023"]
[White "Hakobyan, Aram"]
[Black "Holt, Conrad"]
[WhiteFideId "13306677"]
[BlackFideId "2034387"]
[WhiteElo "3027"]
[BlackElo "2871"]
[Result "1/2-1/2"]
[Round "4"]
[TimeControl "180+2"]
[Date "2023.06.27"]
[WhiteClock "0:00:07"]
[BlackClock "0:00:11"]
[Board "8"]

1. d4 d5 2. c4 c6 3. cxd5 cxd5 4. Bf4 Nc6 5. e3 Nf6 6. Bd3 Bg4 7. f3 Bd7 8. Nc3 e6 9. g4 Qb6 10. Qd2 Na5 11. Nge2 Nc4 12. Bxc4 dxc4 13. e4 Be7 14. h4 Rd8 15. h5 Bc6 16. h6 g6 17. Bg5 Qc7 18. a4 O-O 19. O-O Rfe8 20. Qf4 Qxf4 21. Bxf4 Nd7 22. Kf2 e5 23. Be3 exd4 24. Nxd4 Ne5 25. Ke2 a6 26. Nxc6 bxc6 27. Rfd1 Rb8 28. Rd2 Nd3 29. Rb1 Bf6 30. Rc2 Rb4 31. g5 Be5 32. Nd1 Reb8 33. Bd2 Rxa4 34. Bc3 Bf4 35. Bf6 Rab4 36. Ne3 Bxe3 37. Kxe3 c5 38. Ra1 R8b6 39. Ra5 Kf8 40. e5 Ke8 41. Ke4 Kd7 42. Kd5 R4b5 43. Rxb5 axb5 44. Ke4 Ke6 45. Rd2 Ra6 46. b3 Ra3 47. bxc4 bxc4 48. Rc2 Ra4 49. Ke3 Kd5 50. f4 Ra3 51. Rd2 Rb3 52. Ke2 Ke4 53. Rc2 Nxf4+ 54. Kf2 Kd5 55. Rd2+ Nd3+ 56. Ke2 Rb6 57. Ra2 Re6 58. Kd2 Nxe5 59. Kc3 Ng4 60. Rd2+ Kc6 61. Bg7 Re4 62. Rd8 Ne3 63. Rh8 Nd5+ 64. Kd2 Rg4 65. Rxh7 Rxg5 66. Rh8 Rg2+ 67. Kc1 c3 68. Rc8+ Kb5 69. h7 Nb4 70. Bxc3 Na2+ 71. Kd1 Nxc3+ 72. Ke1 Rh2 73. h8=Q Rxh8 74. Rxh8 Kc6 75. Rf8 f5 76. Rf6+ Kd5 77. Rxg6 Ne4 78. Ke2 Kd4 79. Rg8 c4 80. Rd8+ Kc3 81. Ke3 Kb3 82. Rb8+ Kc2 83. Rf8 Ng3 84. Kf3 Nf1 85. Rxf5 c3 86. Rc5 Nd2+ 87. Ke2 Nb3 88. Rc8 Nc1+ 89. Ke3 Nb3 90. Rc7 Kb2 91. Kd3 Nc1+ 92. Kc4 c2 93. Rb7+ Ka3 94. Kc3 Na2+ 95. Kxc2 Nb4+ 96. Kc3 Na2+ 97. Kc4 Nc1 98. Rb1 Na2 99. Rb3+ Ka4 100. Rg3 Nc1 101. Rg1 Na2 102. Rh1 Ka3 103. Rh3+ Kb2 104. Rb3+ Kc2 105. Rb6 Nc1 106. Rh6 Kd2 107. Kd4 Ne2+ 108. Ke4 Nc3+ 109. Kf3 Kd3 110. Rd6+ Kc4 111. Rd8 Nd5 112. Ke4 Nc3+ 113. Ke5 Kc5 114. Rc8+ Kb4 115. Kd4 Nb5+ 116. Kd3 Ka5 117. Rb8 Ka6 118. Kc4 Na7 119. Kc5 Ka5 120. Rb6 Nc8 121. Rg6 Na7 122. Rh6 Nc8 123. Rh1 Ka6 124. Rh8 Na7 125. Rh7 Nc8 126. Rg7 Na7 127. Rc7 Nb5 128. Rc6+ Ka5 129. Rc8 Ka6 130. Rb8 Na7 131. Rb6+ Ka5 132. Rb2 Ka6 133. Rb3 Nc8 134. Rb8 Na7 135. Rb6+ Ka5 136. Rd6 Nc8 137. Rd8 Na7 138. Rg8 Ka6 139. Rg7 Nc8 140. Rg6+ Kb7 141. Rf6 Na7 142. Rb6+ Kc7 143. Rb3 Nc8 144. Rh3 Kb7 145. Rh7+ 1/2-1/2


[Site "https://www.chess.com"]

[Event "Titled Tuesday Blitz June 27 Late 2023"]
[White "Elsa167"]
[Black "Terry, Renato"]
[BlackFideId "3803457"]
[WhiteElo "2867"]
[BlackElo "3009"]
[Result "0-1"]
[Round "4"]
[TimeControl "180+2"]
[Date "2023.06.27"]
[WhiteClock "0:00:00"]
[BlackClock "0:00:04"]
[Board "9"]

1. d4 e6 2. c4 Bb4+ 3. Bd2 Bxd2+ 4. Qxd2 Nf6 5. Nc3 d6 6. e4 e5 7. d5 a5 8. Nf3 Na6 9. Bd3 Bg4 10. Qe3 O-O 11. Nd2 Nc5 12. h3 Bd7 13. Bc2 Nh5 14. g3 c6 15. Bd1 Nf6 16. g4 cxd5 17. cxd5 b5 18. Ne2 b4 19. Ng3 Rc8 20. Be2 Na4 21. Rb1 Qb6 22. Qxb6 Nxb6 23. Bd3 Rc7 24. Ke2 Rfc8 25. Rhd1 h6 26. Ngf1 Nh7 27. Ne3 Ng5 28. h4 Nh3 29. Kf3 Nf4 30. Bf1 Kf8 31. Kg3 g6 32. f3 Ke7 33. Ng2 Nxg2 34. Kxg2 f5 35. Kg3 fxg4 36. fxg4 Rf8 37. Rbc1 Rfc8 38. Rxc7 Rxc7 39. Bd3 Na4 40. Rb1 Nc5 41. Be2 Rc8 42. Kf2 Rf8+ 43. Ke3 Rf4 44. Rg1 Bc8 45. b3 Bd7 46. Rg3 a4 47. Rg1 Be8 48. bxa4 Bxa4 49. Rb1 Bd7 50. Rxb4 Bxg4 51. Bxg4 Rxg4 52. a4 Rxh4 53. a5 Rh3+ 54. Nf3 Rh1 55. Rb8 Ra1 56. Ra8 Ra3+ 57. Ke2 Nxe4 58. Ra7+ Kf6 59. Ne1 Nc5 60. Nc2 Ra2 61. Kd1 h5 62. Nb4 Ra1+ 63. Kc2 h4 64. Ra8 h3 65. Rh8 Rxa5 66. Rxh3 Ra4 67. Nc6 Rf4 68. Rh8 Rc4+ 69. Kd2 g5 70. Rh6+ Kg7 71. Rh1 g4 72. Ke3 Re4+ 73. Kf2 Rf4+ 74. Kg3 Ne4+ 75. Kg2 Rf2+ 76. Kg1 Rd2 77. Rh4 Nf6 78. Ne7 Kf7 79. Nf5 Rxd5 80. Ne3 Rd4 81. Rh6 Rd3 82. Nf5 d5 83. Kf2 Ne4+ 84. Ke2 Rf3 85. Nh4 Ng3+ 0-1


[Site "https://www.chess.com"]

[Event "Titled Tuesday Blitz June 27 Late 2023"]
[White "Licznerski, Lukasz"]
[Black "Martinez Alcantara, Jose Eduardo"]
[WhiteFideId "1179250"]
[BlackFideId "3805662"]
[WhiteElo "2862"]
[BlackElo "3008"]
[Result "1/2-1/2"]
[Round "4"]
[TimeControl "180+2"]
[Date "2023.06.27"]
[WhiteClock "0:00:00"]
[BlackClock "0:00:12"]
[Board "10"]

1. e4 c5 2. Nf3 d6 3. Bb5+ Nd7 4. a4 a6 5. Be2 Ngf6 6. Nc3 b6 7. d4 cxd4 8. Qxd4 Bb7 9. O-O e6 10. Nd2 Qc7 11. Nc4 e5 12. Qe3 Be7 13. Qf3 Nc5 14. Bd3 O-O 15. Ne3 g6 16. Nc4 Ne6 17. Bh6 Nd4 18. Qd1 Rfd8 19. Ne3 Ne6 20. Kh1 Rac8 21. f3 Qd7 22. Bc4 Bf8 23. Bxf8 Kxf8 24. Qe2 Nd4 25. Qd3 a5 26. f4 Kg7 27. fxe5 dxe5 28. Rxf6 Kxf6 29. Rf1+ Kg7 30. Rxf7+ Qxf7 31. Bxf7 Kxf7 32. Ng4 Kg7 33. Qg3 Rc5 34. Qh4 Rf8 35. h3 h5 36. Ne3 Rc7 37. Qg3 Re7 38. Ncd5 Bxd5 39. Nxd5 Re6 40. c3 Ne2 41. Qe3 Nf4 42. Nxb6 h4 43. Nd5 Nh5 44. Kh2 Ng3 45. Qg5 Rh8 1/2-1/2


[Site "https://www.chess.com"]

[Event "Titled Tuesday Blitz June 27 Late 2023"]
[White "Sargsyan, Shant"]
[Black "Krzyzanowski, Marcin"]
[WhiteFideId "13306766"]
[BlackFideId "1132199"]
[WhiteElo "3003"]
[BlackElo "2846"]
[Result "1-0"]
[Round "4"]
[TimeControl "180+2"]
[Date "2023.06.27"]
[WhiteClock "0:00:04"]
[BlackClock "0:00:00"]
[Board "11"]

1. c4 e5 2. g3 Nf6 3. Bg2 d5 4. cxd5 Nxd5 5. Nc3 Nb6 6. d3 Be7 7. Be3 O-O 8. Rc1 f5 9. h4 f4 10. Bxb6 axb6 11. Nf3 fxg3 12. fxg3 Kh8 13. O-O Nc6 14. Kh2 Be6 15. a3 Bc5 16. Qd2 Na5 17. Qg5 Nb3 18. Rcd1 Bd4 19. Qxd8 Raxd8 20. Nxd4 exd4 21. Ne4 h6 22. Bf3 c5 23. g4 b5 24. Kg3 c4 25. g5 Bd5 26. dxc4 bxc4 27. Nd2 c3 28. bxc3 dxc3 29. Nxb3 Bxb3 30. Rb1 Ba4 31. Be4 Rxf1 32. Rxf1 c2 33. Bd3 hxg5 34. hxg5 b5 35. Rh1+ Kg8 36. g6 Kf8 37. Kf4 Ke7 38. Ke3 Rc8 39. Kd2 Kf6 40. Rf1+ Kg5 41. Rf5+ Kh6 42. Rf1 Rc7 43. Rd1 Rc5 44. Rh1+ Kg5 45. Rg1+ Kh6 46. Kc1 Rc7 47. Rf1 1-0


[Site "https://www.chess.com"]

[Event "Titled Tuesday Blitz June 27 Late 2023"]
[White "Galperin, Platon"]
[Black "Bazeev, German"]
[WhiteFideId "14165414"]
[BlackFideId "24119350"]
[WhiteElo "3002"]
[BlackElo "2813"]
[Result "1-0"]
[Round "4"]
[TimeControl "180+2"]
[Date "2023.06.27"]
[WhiteClock "0:01:30"]
[BlackClock "0:00:13"]
[Board "12"]

1. e4 c5 2. Nf3 Nc6 3. Bb5 g6 4. c3 Nf6 5. Qe2 Bg7 6. d4 cxd4 7. cxd4 d5 8. exd5 Nxd5 9. O-O Kf8 10. Bxc6 bxc6 11. h3 h6 12. Re1 Bf6 13. Nc3 Kg7 14. Ne4 Bf5 15. Ng3 Be6 16. Ne5 Qb6 17. Qe4 Bxe5 18. Qxe5+ Nf6 19. b3 Rad8 20. Ne2 Rd5 21. Qg3 Nh5 22. Qc3 Rhd8 23. Ba3 R8d7 24. Bc5 Qa6 25. g4 Nf6 26. Nf4 g5 27. Nxe6+ fxe6 28. Rxe6 Kf7 29. Qe3 Qb7 30. Re1 Ng8 31. Qe4 1-0


[Site "https://www.chess.com"]

[Event "Titled Tuesday Blitz June 27 Late 2023"]
[White "Bortnyk, Olexandr"]
[Black "Haydon, David L"]
[WhiteFideId "14120828"]
[BlackFideId "415405"]
[WhiteElo "2988"]
[BlackElo "2808"]
[Result "1-0"]
[Round "4"]
[TimeControl "180+2"]
[Date "2023.06.27"]
[WhiteClock "0:00:22"]
[BlackClock "0:00:11"]
[Board "13"]

1. e4 c6 2. c4 d5 3. cxd5 cxd5 4. exd5 Qxd5 5. Nc3 Qd8 6. Bc4 Nf6 7. Nf3 e6 8. O-O Be7 9. d4 O-O 10. a3 Nc6 11. Re1 Bd7 12. d5 exd5 13. Nxd5 Nxd5 14. Bxd5 Bf6 15. Qb3 Na5 16. Qb4 Bc6 17. Bxc6 Nxc6 18. Qxb7 Na5 19. Qe4 Nb3 20. Rb1 Nxc1 21. Rexc1 Qa5 22. h4 Rab8 23. Rc2 Rfe8 24. Qf4 h6 25. Rc7 Rb5 26. b4 Qxa3 27. Qc4 Rbb8 28. Qxf7+ Kh8 29. Rxa7 Qd3 30. Rc1 Re4 31. Rac7 Ree8 32. Qc4 Qf5 33. Rc5 Qg6 34. h5 Qh7 35. b5 Red8 36. Re1 Qd3 37. Qxd3 Rxd3 38. Ne5 Rb3 39. Nd7 R8xb5 40. Re8+ Kh7 41. Nxf6+ gxf6 42. Rc7# 1-0


[Site "https://www.chess.com"]